 Dungeon Crawl Stone Soup version 0.29-a0-483-g69413ace17 (webtiles) character file.

Game seed: 6888979404894739753

1402 xian the Conjurer (level 8, -17/59 HPs)
             Began as a Purple Draconian Conjurer on May 25, 2022.
             Demolished by an ogre
             ... wielding a +0 giant spiked club
              (19 damage)
             ... on level 5 of the Dungeon.
             The game lasted 00:14:43 (4652 turns).

xian the Conjurer (Purple Draconian Conjurer)       Turns: 4652, Time: 00:14:43

Health: -17/59     AC:  7    Str: 16    XL:     8   Next: 42%
Magic:  17/17      EV: 12    Int: 21    God:
Gold:   221        SH:  0    Dex:  9    Spells: 17/20 levels left

rFire   . . .      SeeInvis .   g - +2 short sword (venom)
rCold   . . .      Faith    .   (no shield)
rNeg    . . .      Spirit   .   (body armour unavailable)
rPois   .          Reflect  .   (helmet restricted)
rElec   .          Harm     .   (no cloak)
rCorr   .          Rampage  .   b - +0 pair of gloves
Will    +....                   (no boots)
Stlth   ++........              c - amulet of magic regeneration
HPRegen 0.19/turn               h - +6 ring of strength
MPRegen 0.55/turn               o - ring of flight

@: mighty, short of breath, flying
A: breathe power, AC +6, unfitting armour, cold-blooded
a: Breathe Dispelling Energy


You were on level 5 of the Dungeon.
You visited 1 branch of the dungeon, and saw 5 of its levels.

You collected 221 gold pieces.

Inventory:

Hand Weapons
 g - a +2 short sword of venom (weapon)
Missiles
 l - 10 poisoned darts
 r - 2 throwing nets
Armour
 b - a +0 pair of gloves (worn)
Jewellery
 c - an amulet of magic regeneration (around neck)
 h - a +6 ring of strength (left hand)
 o - a ring of flight (right hand)
Scrolls
 d - 3 scrolls of poison {unknown}
 f - a scroll of teleportation {unknown}
 i - a scroll of blinking {unknown}
 k - 4 scrolls of identify {unknown}
 p - 2 scrolls of immolation {unknown}
 q - 2 scrolls of magic mapping {unknown}
 s - a scroll of enchant weapon {unknown}
 t - a scroll of amnesia {unknown}
 u - a scroll of silence {unknown}
Potions
 a - a potion of magic
 e - a potion of lignification {unknown}
 j - a potion of cancellation {unknown}
 m - a potion of berserk rage {unknown}
 n - a potion of brilliance {unknown}
 w - a potion of haste {unknown}


   Skills:
 + Level 1.1 Fighting
 + Level 3.8 Short Blades
 + Level 3.8 Dodging
 + Level 3.4 Stealth
 + Level 1.2 Unarmed Combat
 + Level 6.6 Spellcasting
 + Level 6.8 Conjurations


You had 17 spell levels left.
You knew the following spells:

 Your Spells              Type           Power      Damage    Failure   Level
a - Magic Dart            Conj           100%       1d8       1%          1
b - Searing Ray           Conj           70%        2d7       1%          2

Your spell library contained the following spells:

 Spells                   Type           Power      Damage    Failure   Level
 Dazzling Flash           Conj/Hex       42%        N/A       7%          3
 Fulminant Prism          Conj/Hex       10%        3d9       22%         4
 Iskenderun's Mystic Bla  Conj/Tloc      21%        2d6       22%         4
 Gell's Gravitas          Tloc           6%         N/A       28%         3
 Teleport Other           Tloc           6%         N/A       28%         3
 Dispersal                Tloc           3%         N/A       100%        6


Dungeon Overview and Level Annotations

Branches:
Dungeon (5/15)
 Temple: D:4-7

Altars:
Nemelex Xobeh
Xom


Innate Abilities, Weirdness & Mutations

You can breathe bolts of dispelling energy.
Your rich purple scales are hard. (AC +6)
You cannot fit into any form of body armour.
You are cold-blooded and may be slowed by cold attacks.


Message History

A scorpion comes into view.
The howler monkey hoots and howls with incredible vigour!
The scorpion moves out of view.
The magic dart hits the howler monkey!
The howler monkey is moderately wounded.
The magic dart hits the howler monkey!
The howler monkey is severely wounded.
The howler monkey hoots and howls with incredible vigour!
You hear a shout!
You hear an angry hiss.
You hear a shout!
You hear an angry hiss.
The magic dart hits the howler monkey.
You kill the howler monkey!
The magic dart hits the ogre.
The ogre is moderately wounded.
You can't see any susceptible monsters within range! (Use Z to cast anyway.)
You see here a +0 trident.
An orc comes into view. It is wielding a +0 club.
You see here 10 gold pieces.
You see here a +0 trident.
The ogre hits you with a +0 giant spiked club!
The magic dart hits the ogre!
The ogre is heavily wounded.
The ogre hits you with a +0 giant spiked club!!
You are too injured to fight recklessly!
You are too injured to fight recklessly!
You are too injured to fight recklessly!
You are too injured to fight recklessly!
Unknown command.
You barely miss the ogre.
Your tail-slap misses the ogre.
The ogre is heavily wounded.
You barely miss the ogre.
The ogre is heavily wounded.
The ogre hits you with a +0 giant spiked club!!
* * * LOW HITPOINT WARNING * * *
An iguana comes into view.
Unknown command.
It was a potion of might.
You feel very mighty all of a sudden.
The ogre hits you with a +0 giant spiked club!!
You die...

#.# #...........#
####.# #############
#....# #.<.##
####...####
#.........#
...........#
.#.........######.##
####...#..oO@.....#
#......s#####..#
#...#.#)####
...#l...$...#
#.#...#.#.##.#
#.##......# #
#....### ##... #.#


You could see an ogre, a scorpion, an iguana and an orc.

Vanquished Creatures
  Pikel (D:5)
  Sigmund (D:2)
  An ogre (D:2)
  2 phantoms (D:4)
  2 lemures (D:5)
  A gnoll sergeant (D:4)
  2 scorpions
  A necrophage (D:4)
  A howler monkey (D:5)
  A hound (D:4)
  Natasha (thrice) (D:2)
  10 gnolls
  4 adders
  3 worms
  5 dart slugs
  7 orcs
  11 ball pythons
  4 bats
  6 endoplasms
  2 giant cockroaches (D:1)
  7 goblins
  9 hobgoblins
  9 jackals
  11 kobolds
  2 quokkas
  A frilled lizard (D:2)
  6 rats
113 creatures vanquished.

Vanquished Creatures (others)
  An adder (D:4)
  3 plants (D:1)
4 creatures vanquished.

Grand Total: 117 creatures vanquished

Notes
Turn   | Place    | Note
-------+----------+-------------------------------------------
     0 | D:1      | xian the Draconian Conjurer began the quest for the Orb.
     0 | D:1      | Reached XP level 1. HP: 14/14 MP: 3/3
   299 | D:1      | Reached XP level 2. HP: 20/20 MP: 1/5
   500 | D:1      | Found a faded altar of an unknown god.
  1363 | D:1      | Reached XP level 3. HP: 9/26 MP: 2/6
  1874 | D:2      | Reached XP level 4. HP: 33/33 MP: 4/7
  2107 | D:2      | Noticed Sigmund
  2111 | D:2      | Learned a level 2 spell: Searing Ray
  2120 | D:2      | Killed Sigmund
  2121 | D:2      | Reached skill level 1 in Unarmed Combat
  2121 | D:2      | Reached skill level 5 in Conjurations
  2121 | D:2      | Reached XP level 5. HP: 13/38 MP: 2/10
  2489 | D:2      | Noticed an ogre
  2496 | D:2      | Killed an ogre
  2497 | D:2      | Reached skill level 1 in Short Blades
  2497 | D:2      | Reached XP level 6. HP: 22/45 MP: 7/11
  2720 | D:2      | Noticed Natasha
  2724 | D:2      | Killed Natasha
  2823 | D:2      | Noticed Natasha
  2830 | D:2      | Killed Natasha
  2930 | D:2      | Noticed Natasha
  2938 | D:2      | Killed Natasha
  3845 | D:4      | Your scales start taking on a rich purple colour.
  3845 | D:4      | Reached skill level 5 in Spellcasting
  3845 | D:4      | Reached XP level 7. HP: 50/50 MP: 12/15
  3983 | D:4      | Found a shimmering altar of Xom.
  4080 | D:4      | Found a sparkling altar of Nemelex Xobeh.
  4516 | D:5      | Entered Level 5 of the Dungeon
  4577 | D:5      | Noticed Pikel
  4595 | D:5      | Killed Pikel
  4596 | D:5      | Reached skill level 1 in Fighting
  4596 | D:5      | Reached XP level 8. HP: 58/59 MP: 10/17
  4651 | D:5      | HP: 2/59 [ogre/+0 giant spiked club (23)]
  4652 | D:5      | Demolished by an ogre

Illustrated notes

Levels and vault maps discovered:
D:1:      giann_horns, layout_loops_cross, serial_forest,
          infiniplex_forest_clump_curved, infiniplex_forest_lined_room_2,
          infiniplex_forest_clump_small, infiniplex_forest_straight_2,
          infiniplex_forest_lined_3, infiniplex_forest_clump_small,
          hellmonk_ecumenical_altar_arch_garden, serial_bayou_lagoon_a,
          chequers_serial_rivers_room_a, minivault_19, roderic_cross_of_infinity
D:2:      layout_loops_corners, minmay_strange_pillars, st_stairs_8,
          uniq_natasha, uniq_sigmund
D:3:      layout_basic, minmay_goblin_kobold_house
D:4:      layout_basic, nemelex_xobeh_ov_fountains_minmay, xom_confusion_cloud
D:5:      layout_loops_ring, lightli_temple_of_fire,
          minmay_temple_entry_sparse_star, uniq_pikel, uniq_eustachio

Skill      XL: |  1  2  3  4  5  6  7 |
---------------+----------------------+-----
Stealth        | 2 3 |  3.4
Dodging        | 2 3 |  3.8
Unarmed Combat | 1 |  1.2
Spellcasting   | 3 5 6 |  6.6
Conjurations   | 5 6 |  6.8
Short Blades   | 1 3 |  3.8
Fighting       | 1 |  1.1

Action                   |  1- 3 |  4- 6 |  7- 9 || total
-------------------------+-------+-------+-------++-------
Melee: Unarmed           |    40 |       |       ||    40
       Tailslap          |     5 |     5 |     1 ||    11
       Short sword       |       |    72 |    18 ||    90
       Punch             |       |       |     1 ||     1
 Cast: Magic Dart        |    95 |    45 |    43 ||   183
       Searing Ray       |       |     4 |     8 ||    12
 Abil: Breathe Dispellin |       |       |     6 ||     6
  Use: Potion            |       |       |     1 ||     1
Armor: Skin              |     9 |    25 |    15 ||    49
Dodge: Dodged            |    19 |    63 |    26 ||   108

Table legend: (Time is in decaauts)
 A = Elapsed time spent in this place.
 B = Non-inter-level travel time spent in this place.
 C = Inter-level travel time spent in this place.
 D = Time resting spent in this place.
 E = Time spent auto-exploring this place.
 F = Levels seen in this place.
 G = Mean time per level.
                   A        B        C        D        E       F      G
               +--------+--------+--------+--------+--------+-----+--------+
         Total |   4668 |   4521 |    147 |      4 |   3585 |   5 |  933.6 |
       Dungeon |   4668 |   4521 |    147 |      4 |   3585 |   5 |  933.6 |
               +--------+--------+--------+--------+--------+-----+--------+

Top non-repeatable levels by time:
     D:1: 1582 daAuts
     D:2: 1377 daAuts
     D:3: 861 daAuts
     D:4: 711 daAuts
     D:5: 135 daAuts
